 Dungeon Crawl Stone Soup version 0.31.0-32-g396128a36d (webtiles) character file.

Game seed: 8208755668493908358

263874 monsoonserge the Eclecticist (level 21, -9/148 HPs)
             Began as a Djinni Alchemist on Apr 10, 2024.
             Was an Initiate of Gozag.
             Shot with an arrow by a deep elf master archer (32 damage)
             ... on level 3 of the Elven Halls on Apr 11, 2024.
             The game lasted 05:52:08 (48409 turns).

monsoonserge the Eclecticist (Djinni Alchemist)    Turns: 48409, Time: 05:52:09

Health: -9/148     AC: 18    Str: 11    XL:     21   Next: 30%
Gold:   3494       EV: 27    Int: 34    God:    Gozag SH: 16 Dex: 21

rFire   + + +        T - staff of air
rCold   + + .        V - +2 shield of Resistance {rF++ rC++ Will++}
rNeg    . . .        D - +4 ring mail of Starshine {rF+ rC+ rCorr Str+3}
rPois   ∞            u - +0 helmet of Sorcery {Will+}
rElec   +            x - +0 cloak of Xetepent {Str-2 Int+3 Dex+5}
rCorr   +            h - +2 pair of gloves {Str+3}
SInv    .            (boots unavailable)
Will    +++++        r - amulet of Duenot {Regen+ Int+5}
Stlth   ++           l - +5 ring of evasion
HPRegen 1.24/turn    M - +5 ring of evasion
MPRegen 0.00/turn

%: infuse magic (-10 HP)
@: radiating poison, gold aura, flying
A: sickness immunity, fire resistance 2, cold vulnerability 1, float, innate
caster, HP casting, extra vitality 1
}: 1/15 runes: decaying
a: Renounce Religion, Potion Petition, Call Merchant, Bribe Branch


You were on level 3 of the Elven Halls.
You worshipped Gozag.
Gozag was most pleased with you.
You visited 8 branches of the dungeon, and saw 37 of its levels.
You also visited: Gauntlet, Ice Cave and Volcano.

You collected 14556 gold pieces.
You spent 5282 gold pieces at shops.
You paid 5780 gold pieces to Gozag.

Inventory:

Missiles
 k - 9 javelins
 w - 8 throwing nets
 G - 11 curare-tipped darts
 R - 32 boomerangs (quivered)
Armour
 g - the +2 leather armour of the Cricket {rElec rCorr SInv Stlth+}
   (You took it off a deep elf pyromancer on level 1 of the Elven Halls)

   rElec:     It insulates you from electricity.
   SInv:      It lets you see invisible.
   rCorr:     It protects you from acid and corrosion.
   Stlth+:    It makes you more stealthy.
 h - a +2 pair of gloves of strength (worn)
 u - the +0 helmet of Sorcery (worn) {Will+}
   (You bought it in a shop on level 11 of the Dungeon)

   Will+:     It increases your willpower.
 x - the +0 cloak of Xetepent (worn) {Str-2 Int+3 Dex+5}
   (You bought it in a shop on level 9 of the Dungeon)

   Str-2:     It affects your strength (-2).
   Int+3:     It affects your intelligence (+3).
   Dex+5:     It affects your dexterity (+5).
 D - the +4 ring mail of Starshine (worn) {rF+ rC+ rCorr Str+3}
   (You found it on level 6 of the Dungeon)

   Str+3:     It affects your strength (+3).
   rF+:       It protects you from fire.
   rC+:       It protects you from cold.
   rCorr:     It protects you from acid and corrosion.
 V - the +2 shield of Resistance (worn) {rF++ rC++ Will++}
   (You bought it in a shop on level 11 of the Dungeon)

   rF++:      It greatly protects you from fire.
   rC++:      It greatly protects you from cold.
   Will++:    It greatly increases your willpower.
Magical Staves
 T - a staff of air (weapon)
Jewellery
 l - a +5 ring of evasion (left hand)
 m - the ring of the Sky {rCorr Str+3 SInv}
   (You found it in a Gauntlet)

   [ring of resist corrosion]

   Str+3:     It affects your strength (+3).
   SInv:      It lets you see invisible.
   rCorr:     It protects you from acid and corrosion.
 r - the amulet of Duenot (around neck) {Regen+ Int+5}
   (You bought it in a shop on level 9 of the Dungeon)

   [amulet of regeneration]

   Int+5:     It affects your intelligence (+5).
   Regen+:    It increases your rate of health regeneration.
 M - a +5 ring of evasion (right hand)
Wands
 d - a wand of mindburst (19)
 e - a wand of light (17)
 q - a wand of paralysis (32)
 y - a wand of polymorph (27)
 E - a wand of roots (29)
 L - a wand of digging (6)
 P - a wand of flame (69)
Scrolls
 a - 2 scrolls of summoning
 c - 5 scrolls of immolation
 f - 8 scrolls of poison
 i - 5 scrolls of fear
 C - a scroll of acquirement
 I - 2 scrolls of silence
 N - 4 scrolls of fog
 O - 3 scrolls of enchant armour
 Q - 4 scrolls of revelation
 U - 8 scrolls of enchant weapon
 W - 13 scrolls of teleportation
 Z - 3 scrolls of blinking
Potions
 b - a potion of berserk rage
 j - 7 potions of brilliance
 n - 9 potions of mutation
 o - 8 potions of invisibility
 p - 6 potions of curing
 s - 3 potions of cancellation
 t - 5 potions of haste
 v - 4 potions of might
 B - 8 potions of heal wounds
 F - 4 potions of attraction
 H - 7 potions of enlightenment
 J - 2 potions of lignification
 X - 4 potions of ambrosia
 Y - 2 potions of resistance
Miscellaneous
 z - a condenser vane
 A - a phantom mirror
 K - a sack of spiders
 S - a lightning rod (4/4)


   Skills:
 + Level 12.7 Fighting
 - Level 0.5 Short Blades
 - Level 1.6(1.7) Axes
 + Level 0.6(1.9) Maces & Flails
 + Level 2.3(2.4) Staves
 + Level 1.2 Throwing
 + Level 11.8 Armour
 + Level 12.6 Dodging
 + Level 4.3 Stealth
 + Level 12.9 Shields
 * Level 20.4 Spellcasting
 * Level 20.4 Conjurations
 * Level 20.4 Hexes
 * Level 20.4 Summonings
 * Level 20.4 Necromancy
 * Level 20.4 Translocations
 * Level 20.4 Fire Magic
 * Level 20.4 Ice Magic
 * Level 20.4 Air Magic
 * Level 20.4 Earth Magic
 * Level 20.4 Alchemy
 + Level 8.9 Evocations


You knew the following spells:

 Your Spells              Type           Power      Damage    Failure   Level
a - Sting                 Conj/Alch      100%       1d9       0%          1
b - Mercury Vapours       Alch/Air       100%       N/A       0%          2
c - Mephitic Cloud        Conj/Alch/Air  100%       N/A       0%          3
d - Olgreb's Toxic Radia  Alch           100%       N/A       0%          4
e - Sticky Flame          Fire/Alch      100%       2d15      0%          4
f - Foxfire               Conj/Fire      100%       2x1d9     0%          1
g - Blink                 Tloc           100%       N/A       0%          2
h - Static Discharge      Conj/Air       100%       3-8/arc   0%          2
i - Frozen Ramparts       Ice            100%       1d16      0%          3
j - Animate Armour        Summ/Erth      100%       N/A       0%          4
k - Summon Mana Viper     Hex/Summ       100%       N/A       1%          5
l - Sculpt Simulacrum     Ice/Alch       54%        N/A       1%          6
m - Summon Hydra          Summ           54%        N/A       1%          7
n - Summon Cactus Giant   Summ           54%        N/A       1%          6
o - Lehudib's Crystal Sp  Conj/Erth      54%        10d13     6%          8
Your spell library was empty.

Dungeon Overview and Level Annotations

Branches:
Dungeon (15/15)            Temple (1/1) D:4            Lair (5/5) D:9
  Swamp (4/4) Lair:2        Snake (4/4) Lair:2        Slime (0/5) Lair:5
    Orc (2/2) D:11            Elf (3/3) Orc:2        Vaults (3/5) D:14
 Depths (0/4) D:15          IceCv (visited)         Volcano (visited)
Gauntlet (visited)
  Crypt: Vaults:2-3

Altars:
Ashenzari
Cheibriados
Dithmenos
Elyvilon
Fedhas
Gozag
Hepliaklqana
Makhleb
Nemelex Xobeh
Okawaru
Qazlal
Ru
Trog
Uskayaw
Wu Jian
Xom
Yredelemnul
Zin
The Shining One
Jiyva

Shops:
D:2 !   D:8 !(*[   D:9 **[[=   D:10 (   D:11 [*   D:14 =   D:15 =   Orc:2 [[[!
Elf:1 (*   Elf:2 (   Snake:3 *[(!*   Vaults:2 *

Portals:
Bazaar: Vaults:1

Annotations:
Lair:5 exclusion: obsidian statue


Innate Abilities, Weirdness & Mutations

You are immune to sickness and miasma.
You are immune to poison.
Your flesh is very heat resistant. (rF++)
You are vulnerable to cold. (rC-)
You float through the air rather than walking.
You learn spells naturally, not from books.
Your magical power is your life essence.
You have superior vitality. (+4 MHP)


Message History

The stinking cloud engulfs your eight-headed hydra. x2
The deep elf master archer looks even sicker.
The deep elf blademaster is engulfed in noxious fumes.
Your eight-headed hydra misses the deep elf blademaster. x4
Your eight-headed hydra completely misses the deep elf blademaster.
Your eight-headed hydra bites the deep elf blademaster!
Your eight-headed hydra bites the deep elf blademaster.
Your eight-headed hydra completely misses the deep elf blademaster.
A deep elf annihilator comes into view.
It is wielding a +0 short sword and wearing the ring of Hyacott {rElec EV+5 Int+5}.
A deep elf high priest comes into view. It is wielding a +0 short sword.
The deep elf blademaster is engulfed in noxious fumes.
Your eight-headed hydra bites the deep elf blademaster!
Your eight-headed hydra closely misses the deep elf blademaster.
Your eight-headed hydra bites the deep elf blademaster!
Your eight-headed hydra completely misses the deep elf blademaster. x2
Your eight-headed hydra bites the deep elf blademaster! x2
The deep elf blademaster dies!
Unknown command.
Unknown command.
The deep elf elementalist looks even sicker.
The deep elf annihilator is poisoned.
The deep elf elementalist points at you and mumbles some strange words.
The freezing blast engulfs you! You resist.
The deep elf annihilator casts a spell.
The deep elf annihilator blinks!
Your cactus giant is engulfed in freezing vapours.
The deep elf master archer shoots an arrow.
The arrow hits your cactus giant!!
A deep elf sorcerer comes into view. It is wielding a +0 long sword.
Unknown command.
Unknown command.
You are engulfed in freezing vapours.
You resist.
The deep elf sorcerer is poisoned.
The deep elf elementalist points next to you and mumbles some strange words.
The wall shatters!
The blast of rock fragments hits you!!
* * * LOW HITPOINT WARNING * * *
The deep elf master archer shoots an arrow.
The arrow hits you!!
You die...
Your body crumbles into a pile of gold.

#~~# #. #)~# #.
#~~# #. #..# #.
#..# #. #..#
###. #..# #'..
#.☼# ##<.
######☼@######
#..
#e..≈≈○☼☼≈...#
#.. ###
#...≈☼☼☼○C...#
#.. ..#
....≈≈§§§≈....ee
#.. ..#
#...≈≈§D§≈...###
#.. ..#
######eD######
##.. ..# .e§.
#..[ ..# ....e
#... ..# ..⌠..⌠
#.##


You could see a deep elf master archer (very poisoned, ally target), a deep elf
annihilator (empowered, poisoned, ally target), a deep elf sorcerer (empowered,
poisoned), a deep elf elementalist (fast, empowered, repels missiles, very
poisoned), a deep elf high priest (brilliance aura, very poisoned, ally target),
2 friendly eight-headed hydras and a friendly cactus giant (summoned).

Vanquished Creatures
  Rupert (D:13)
  Frances (D:14)
  A deep elf blademaster (Elf:2)
  A cacodemon (Gauntlet)
  2 stone giants
  A very ugly thing (IceCv)
  2 deep elf death magi (Elf:3)
  A deep elf demonologist (Elf:3)
  A spark wasp (Swamp:2)
  A minotaur (Gauntlet)
  2 dire elephants (Lair:5)
  An eleionoma (Swamp:2)
  An ettin (D:15)
  6 vault guards
  Fannar (Orc:1)
  5 centaur warriors
  4 alligators
  2 ironbound frosthearts
  3 boulder beetles
  An anaconda (Snake:3)
  A tengu warrior (D:15)
  3 death yaks
  4 two-headed ogres
  12 dancing weapons (Elf:2)
  A naga warrior (Snake:1)
  2 orc high priests (Orc:2)
  5 deep elf knights
  Amaemon (Lair:3)
  3 skeletal warriors (D:14)
  2 skysharks
  2 deep trolls (Vaults:2)
  3 goliath frogs
  3 spriggan druids
  A swamp dragon (Swamp:1)
  2 arcanists (Vaults:3)
  4 deep elf archers (Elf:3)
  2 necromancers (Lair:5)
  5 deep elf zephyrmancers
  4 orc sorcerers
  4 deep elf pyromancers
  3 ugly things
  Maurice (Orc:1)
  3 meliai (D:14)
  A manticore (D:12)
  4 cyclopes
  3 kobold blastminers (Orc:1)
  15 elephants
  4 black mambas
  An orange demon (Lair:3)
  3 vault sentinels
  A guardian serpent (Snake:3)
  An unseen horror (D:12)
  3 gargoyles (Volcano)
  5 cane toads
  A torpor snail (Lair:3)
  Maggie (Lair:1)
  6 komodo dragons
  3 kobold demonologists (D:14)
  2 rime drakes
  2 tengu conjurers (D:15)
  An efreet (Volcano)
  A freezing wraith (D:14)
  4 yaktaurs (Vaults:1)
  An anaconda simulacrum (IceCv)
  2 golden dragon simulacra (IceCv)
  8 trolls
  8 hornets
  An alligator simulacrum (IceCv)
  A queen bee (Lair:2)
  2 tyrant leeches (Swamp:2)
  A hornet (shapeshifter) (D:13)
  3 polar bears
  5 nameless horrors
  14 blink frogs
  A centaur simulacrum (D:11)
  3 slime creatures
  9 spriggans
  A water elemental (D:11)
  4 shadows
  A vampire (D:12)
  4 fire bats (Volcano)
  2 wyverns
  67 yaks
  Eustachio (D:5)
  A warg (Orc:2)
  5 basilisks
  3 steam dragons
  3 death yak simulacra (Lair:5)
  2 fire elementals (Volcano)
  26 vampire mosquitoes
  A harpy simulacrum (IceCv)
  A spectral cane toad (Lair:5)
  Edmund (D:5)
  5 swamp worms
  2 nagas (Lair:2)
  An acid dragon (D:9)
  2 hydra simulacra
  5 water moccasins
  13 orc warriors
  An ettin simulacrum (IceCv)
  4 black bears
  11 ogres
  A sky beast (D:7)
  11 wolves
  3 ice beasts
  3 boggarts (D:15)
  5 centaurs
  6 kobold brigands
  11 bullfrogs
  2 gnoll sergeants
  2 scorpions
  4 wights (D:7)
  A burial acolyte (D:5)
  An elephant simulacrum (Lair:5)
  24 killer bees
  2 electric eels (D:8)
  10 howler monkeys
  5 lava snakes (Volcano)
  A bombardier beetle (D:5)
  4 hounds
  A jelly (D:6)
  21 orc priests
  3 gnoll boudas
  4 iguanas
  45 orc wizards
  6 hell rats (Lair:3)
  22 gnolls
  7 adders
  A white imp (D:5)
  5 ufetubi
  2 adder zombies (D:5)
  4 dart slugs
  80 orcs
  5 ball pythons
  4 bats (D:2)
  7 endoplasms
  3 goblins
  2 hobgoblins
  3 quokkas
  3 frilled lizards
  A jackal zombie (D:5)
  32 kobolds
  7 rats
  A foxfire (Volcano)
762 creatures vanquished.

Vanquished Creatures (collateral kills)
  A lich (Vaults:2)
  A deep elf blademaster (Elf:3)
  Aizul (Swamp:2)
  2 nagarajas
  An azure jelly (Swamp:4)
  4 vault wardens
  A deep elf sorcerer (Vaults:2)
  An orc warlord (Orc:1)
  Louise (Swamp:2)
  A deep elf elementalist (Elf:1)
  2 ironbound thunderhulks
  Nessos (Lair:4)
  5 ironbound preservers
  2 deep elf annihilators (Elf:1)
  2 deep elf demonologists (Elf:3)
  4 eleionomae
  A deep elf death mage (Elf:3)
  A bunyip (Swamp:4)
  2 crystal guardians (Vaults:2)
  2 shambling mangroves
  4 yaktaur captains
  4 vault guards
  2 hydras
  2 great orbs of eyes (Vaults:2)
  2 ice dragons (Swamp:4)
  An ogre mage (D:15)
  8 anacondas
  2 salamander tyrants
  4 ghost crabs
  7 alligators
  Erica (Orc:1)
  2 boulder beetles
  14 dancing weapons
  A two-headed ogre (D:15)
  3 ironbound frosthearts
  4 centaur warriors (Vaults:2)
  11 naga warriors
  A vampire mage (Swamp:4)
  An orc high priest (Elf:1)
  3 occultists
  A shock serpent (Snake:1)
  9 naga sharpshooters
  10 deep elf knights
  A goliath frog (Swamp:2)
  A skeletal warrior (D:14)
  4 salamander mystics
  6 sea snakes (Snake:3)
  A spectral anaconda (Lair:5)
  2 arcanists
  8 deep elf archers
  A spriggan druid (Swamp:2)
  2 swamp dragons
  A lindwurm (Vaults:1)
  7 naga ritualists
  2 bog bodies
  6 deep trolls (Vaults:2)
  16 slime creatures
  3 ironbound convokers
  11 mana vipers
  18 deep elf pyromancers
  2 necromancers (Lair:5)
  14 deep elf zephyrmancers
  2 cyclopes
  7 harpies (Vaults:1)
  2 orc sorcerers (Orc:2)
  An oklob plant (Lair:1)
  A manticore (D:12)
  6 nameless horrors
  A manticore (shapeshifter) (Elf:2)
  A kobold blastminer (Orc:1)
  16 ugly things
  3 will-o-the-wisps
  17 salamanders
  28 black mambas
  6 elephants (Lair:5)
  2 guardian serpents
  5 vault sentinels
  A cane toad (Lair:5)
  16 naga magi
  A minotaur zombie (Gauntlet)
  A molten gargoyle (Volcano)
  A rime drake (Lair:5)
  4 freezing wraiths (Swamp:4)
  5 yaktaurs
  2 trolls (Orc:2)
  5 tyrant leeches
  11 hornets
  A blink frog (Lair:3)
  2 spectral elephants (Lair:5)
  A vampire (D:10)
  2 water elementals
  2 shadows (Gauntlet)
  An air elemental (Elf:3)
  10 spriggans
  A warg (Orc:1)
  2 fire elementals (Elf:3)
  4 swamp worm simulacra (Swamp:4)
  5 vampire mosquitoes
  A basilisk (shapeshifter) (D:15)
  A death yak simulacrum (Lair:5)
  A spectral cane toad (Lair:5)
  37 nagas
  4 swamp worms
  14 hydra simulacra (Swamp:4)
  3 orc warriors
  2 laughing skulls (D:14)
  A boggart (D:15)
  2 ogres
  2 earth elementals
  A cane toad simulacrum (Lair:5)
  4 killer bees (Lair:2)
  A lindwurm simulacrum (IceCv)
  2 electric eels (Snake:3)
  An orc priest (Orc:2)
  An orc wizard (Orc:2)
  4 swamp drake simulacra (Swamp:4)
  15 foxfires
512 creatures vanquished.

Vanquished Creatures (others)
  A thorn hunter (Swamp:4)
  2 bloated husks
  A swamp worm (Swamp:3)
  A naga (Snake:1)
  An orc wizard (Orc:2)
  911 foxfires
917 creatures vanquished.

Grand Total: 2191 creatures vanquished

Notes
Turn   | Place    | Note
-------+----------+-------------------------------------------
     0 | D:1      | monsoonserge the Djinni Alchemist began the quest for the
                  | Orb.
     0 | D:1      | monsoonserge set off with the following spells memorised:
                  | Sting, Mercury Vapours, Mephitic Cloud, Olgreb's Toxic
                  | Radiance, Sticky Flame.
     0 | D:1      | Reached XP level 1. HP: 15/15 MP: 0/0
   289 | D:1      | Reached XP level 2. HP: 18/21 MP: 0/0
   430 | D:2      | Reached skill level 1 in Armour
   430 | D:2      | Reached XP level 3. HP: 15/25 MP: 0/0
   430 | D:2      | Learned a level 1 spell: Foxfire
   680 | D:2      | Reached XP level 4. HP: 29/31 MP: 0/0
   734 | D:2      | Found a faded altar of an unknown god.
  1068 | D:2      | Found Daga's Distillery.
  1174 | D:2      | Bought a potion of brilliance for 44 gold pieces
  1265 | D:3      | Reached XP level 5. HP: 22/35 MP: 0/0
  1265 | D:3      | Learned a level 2 spell: Blink
  2196 | D:2      | Bought a potion of invisibility for 88 gold pieces
  2196 | D:2      | Bought a potion of curing for 33 gold pieces
  2196 | D:2      | Bought a potion of degeneration for 11 gold pieces
  2561 | D:4      | Found a staircase to the Ecumenical Temple.
  2570 | Temple   | Entered the Ecumenical Temple
  2726 | Temple   | Became a worshipper of Gozag Ym Sagoz the Greedy
  3001 | D:4      | Reached XP level 6. HP: 25/40 MP: 0/0
  3226 | D:4      | Noticed a black bear
  3236 | D:4      | Killed a black bear
  3374 | D:4      | Reached XP level 7. HP: 42/46 MP: 0/0
  3374 | D:4      | Learned a level 2 spell: Static Discharge
  3631 | D:5      | Entered Level 5 of the Dungeon
  3660 | D:5      | Reached skill level 1 in Fighting
  3660 | D:5      | Reached skill level 5 in Spellcasting
  3660 | D:5      | Reached skill level 5 in Conjurations
  3660 | D:5      | Reached skill level 5 in Hexes
  3660 | D:5      | Reached skill level 5 in Summonings
  3660 | D:5      | Reached skill level 5 in Necromancy
  3660 | D:5      | Reached skill level 5 in Translocations
  3660 | D:5      | Reached skill level 5 in Fire Magic
  3660 | D:5      | Reached skill level 5 in Ice Magic
  3660 | D:5      | Reached skill level 5 in Air Magic
  3660 | D:5      | Reached skill level 5 in Earth Magic
  3660 | D:5      | Reached skill level 5 in Alchemy
  3724 | D:5      | Noticed Eustachio
  3736 | D:5      | Killed Eustachio
  3746 | D:5      | Reached XP level 8. HP: 25/52 MP: 0/0
  3966 | D:5      | Noticed Edmund
  3985 | D:5      | Killed Edmund
  4309 | D:5      | Reached skill level 1 in Evocations
  4789 | D:6      | Reached XP level 9. HP: 39/58 MP: 0/0
  4789 | D:6      | Learned a level 3 spell: Frozen Ramparts
  5258 | D:6      | Identified the +4 ring mail of Starshine {rF+ rC+ rCorr
                  | Str+3}
  5662 | D:6      | Noticed a hornet
  5669 | D:6      | Killed a hornet
  6553 | D:7      | Identified the +4 chain mail "Hisaex" {Int+4}
  6783 | D:7      | Reached skill level 5 in Armour
  7198 | D:8      | Reached skill level 1 in Axes
  7310 | D:8      | Reached XP level 10. HP: 53/64 MP: 0/0
  7415 | D:8      | Found Fymm's Armour Emporium.
  7417 | D:8      | Found Letaido's Weapon Boutique.
  7417 | D:8      | Found Zias's Distillery.
  7417 | D:8      | Found Piuviwk's General Store.
  7946 | D:8      | Bought a potion of heal wounds for 60 gold pieces
  7946 | D:8      | Bought a potion of haste for 120 gold pieces
  7946 | D:8      | Bought a potion of lignification for 36 gold pieces
  7997 | D:9      | Noticed a two-headed ogre
  8429 | D:9      | Identified the +7 war axe of Destruction {flame, *Corrode
                  | rElec rPois rF-}
  8478 | D:9      | Reached skill level 10 in Spellcasting
  8478 | D:9      | Reached skill level 10 in Conjurations
  8478 | D:9      | Reached skill level 10 in Hexes
  8478 | D:9      | Reached skill level 10 in Summonings
  8478 | D:9      | Reached skill level 10 in Necromancy
  8478 | D:9      | Reached skill level 10 in Translocations
  8478 | D:9      | Reached skill level 10 in Fire Magic
  8478 | D:9      | Reached skill level 10 in Ice Magic
  8478 | D:9      | Reached skill level 10 in Air Magic
  8478 | D:9      | Reached skill level 10 in Earth Magic
  8478 | D:9      | Reached skill level 10 in Alchemy
  8624 | D:9      | Reached XP level 11. HP: 70/70 MP: 0/0
  8624 | D:9      | Learned a level 4 spell: Animate Armour
  8776 | D:9      | Reached skill level 5 in Dodging
  8794 | D:9      | Noticed an elephant
  8826 | D:9      | Killed an elephant
  9085 | D:9      | Found a staircase to the Lair.
  9168 | D:9      | Killed a two-headed ogre
  9308 | D:9      | Found Zigeitae's CLEARANCE SALE!.
  9315 | D:9      | Bought 2 potions of mutation for 128 gold pieces
  9576 | D:10     | Entered Level 10 of the Dungeon
  9864 | D:10     | Reached skill level 1 in Shields
 10587 | D:10     | Found Bakuid's Hydra Hut.
 10589 | D:10     | Noticed a four-headed hydra
 10966 | D:11     | Found a staircase to the Orcish Mines.
 10980 | D:11     | Noticed a red ugly thing
 10990 | D:11     | Killed a red ugly thing
 10991 | D:11     | Reached XP level 12. HP: 50/78 MP: 0/0
 12087 | D:11     | Bought the +2 shield of Resistance {rF++ rC++ Will++} for
                  | 1198 gold pieces
 12087 | D:11     | Found the +2 shield of Resistance {rF++ rC++ Will++}
 12100 | D:11     | Bought a scroll of noise for 17 gold pieces
 12166 | Lair:1   | Entered Level 1 of the Lair of Beasts
 12204 | Lair:1   | Found a gate leading to a gauntlet.
 12229 | Gauntlet | Entered a Gauntlet
 12229 | Gauntlet | Found a transporter.
 12232 | Gauntlet | Found a transporter.
 12234 | Gauntlet | Found a transporter.
 12256 | Gauntlet | Found a transporter.
 12260 | Gauntlet | Found a runed translucent door.
 12260 | Gauntlet | Found a runed translucent door.
 12271 | Gauntlet | Found a transporter.
 12273 | Gauntlet | Found a transporter.
 12287 | Gauntlet | Found a runed translucent door.
 12290 | Gauntlet | Found a transporter.
 12301 | Gauntlet | Noticed a quicksilver ooze
 12304 | Gauntlet | Found a transporter.
 12308 | Gauntlet | Found a transporter.
 12326 | Gauntlet | Noticed a hell hog
 12329 | Gauntlet | Found a transporter.
 12334 | Gauntlet | Found a transporter.
 12356 | Gauntlet | Found a transporter.
 12380 | Gauntlet | Noticed a cacodemon
 12382 | Gauntlet | Found a transporter.
 12388 | Gauntlet | Found a transporter.
 12582 | Gauntlet | Reached skill level 5 in Fighting
 12724 | Gauntlet | Killed a cacodemon
 12849 | Gauntlet | Identified the ring of the Sky {rCorr Str+3 SInv}
 12868 | Gauntlet | Noticed a minotaur
 12881 | Gauntlet | Killed a minotaur
 12890 | Gauntlet | Got the Codex of Warped Rime
 13026 | Lair:1   | Found a shimmering altar of Xom.
 13171 | Lair:1   | Reached skill level 5 in Shields
 13362 | Lair:1   | Noticed Maggie
 13371 | Lair:1   | Killed Maggie
 13495 | Lair:1   | You are sucked into a shaft and drop 1 floor!
 13517 | Lair:2   | Reached skill level 5 in Evocations
 13702 | Lair:2   | Reached XP level 13. HP: 79/87 MP: 0/0
 13702 | Lair:2   | Learned a level 5 spell: Summon Mana Viper
 13716 | Lair:2   | Found a staircase to the Swamp.
 13893 | D:11     | Bought 4 curare-tipped darts for 81 gold pieces
 14542 | Lair:2   | Identified the +9 lajatang of Diet Blood {heavy, rElec
                  | Will+}
 14639 | Lair:2   | Found a staircase to the Snake Pit.
 15767 | Lair:3   | Noticed Amaemon
 15778 | Lair:3   | Killed Amaemon
 16541 | Lair:3   | Reached XP level 14. HP: 82/94 MP: 0/0
 17004 | Lair:4   | Noticed Nessos
 17017 | Lair:4   | Killed Nessos
 17851 | Lair:5   | Entered Level 5 of the Lair of Beasts
 18432 | D:9      | Bought a pair of pitted gloves for 237 gold pieces
 18432 | D:9      | Identified the +2 pair of gloves of the Ageless Queens
                  | {-Tele Dex+2 SInv} (You bought it in a shop on level 9 of
                  | the Dungeon)
 19101 | D:9      | Bought the +0 cloak of Xetepent {Str-2 Int+3 Dex+5} for 361
                  | gold pieces
 19572 | Lair:5   | Found a staircase to the Slime Pits.
 19572 | Lair:5   | Found a viscous altar of Jiyva.
 19726 | Lair:5   | Noticed a dire elephant
 19726 | Lair:5   | Noticed a dire elephant
 20112 | Lair:5   | Killed a dire elephant
 20119 | Lair:5   | Killed a dire elephant
 20345 | Lair:5   | Reached XP level 15. HP: 64/103 MP: 0/0
 20345 | Lair:5   | Learned a level 6 spell: Sculpt Simulacrum
 20857 | Orc:1    | Entered Level 1 of the Orcish Mines
 20862 | Orc:1    | Noticed Maurice
 20865 | Orc:1    | Noticed Fannar
 20874 | Orc:1    | Killed Maurice
 20876 | Orc:1    | Killed Fannar
 21148 | Orc:1    | Noticed an orc warlord
 21160 | Orc:1    | Noticed Erica
 21166 | Orc:1    | Killed an orc warlord
 21167 | Orc:1    | Reached skill level 15 in Spellcasting
 21167 | Orc:1    | Reached skill level 15 in Conjurations
 21167 | Orc:1    | Reached skill level 15 in Hexes
 21167 | Orc:1    | Reached skill level 15 in Summonings
 21167 | Orc:1    | Reached skill level 15 in Necromancy
 21167 | Orc:1    | Reached skill level 15 in Translocations
 21167 | Orc:1    | Reached skill level 15 in Fire Magic
 21167 | Orc:1    | Reached skill level 15 in Ice Magic
 21167 | Orc:1    | Reached skill level 15 in Air Magic
 21167 | Orc:1    | Reached skill level 15 in Earth Magic
 21167 | Orc:1    | Reached skill level 15 in Alchemy
 21176 | Orc:1    | Killed Erica
 21720 | Orc:2    | Entered Level 2 of the Orcish Mines
 22313 | Orc:2    | Found a dark tunnel.
 22331 | Volcano  | Entered a volcano
 22626 | Volcano  | Noticed a stone giant
 22637 | Volcano  | Reached skill level 1 in Throwing
 22638 | Volcano  | Killed a stone giant
 22805 | Volcano  | Found the +8 orange crystal plate armour {Archmagi, Int+3
                  | Clar}
 22856 | Volcano  | Found a burning altar of Makhleb.
 23291 | Orc:2    | Found a staircase to the Elven Halls.
 23665 | Orc:2    | Found Ecobu's Distillery.
 23665 | Orc:2    | Found Zunkeala's Antique Armour Shop.
 23677 | Orc:2    | Found Qokasch's Antique Armour Shop.
 23677 | Orc:2    | Found Iqet's Armour Boutique.
 23687 | Orc:2    | Bought a twisted ring mail for 270 gold pieces
 23687 | Orc:2    | Identified the +0 ring mail of the Ward {rN+ Str+2} (You
                  | bought it in a shop on level 2 of the Orcish Mines)
 23879 | D:11     | Bought the +0 helmet of Sorcery {Will+} for 324 gold pieces
 26225 | D:13     | Noticed Rupert
 26249 | D:13     | Killed Rupert
 27024 | D:14     | Found Zaxziyle's Jewellery Shoppe.
 27160 | D:14     | Reached XP level 16. HP: 106/112 MP: 0/0
 27247 | D:14     | Reached skill level 1 in Staves
 28123 | D:14     | Reached skill level 10 in Dodging
 28431 | D:14     | Found a gate to the Vaults.
 28954 | D:14     | Noticed Frances
 28985 | D:14     | Killed Frances
 29180 | D:15     | Entered Level 15 of the Dungeon
 29426 | D:15     | Found Keekod's Jewellery Emporium.
 29880 | Snake:1  | Entered Level 1 of the Snake Pit
 29955 | Swamp:1  | Entered Level 1 of the Swamp
 31498 | Swamp:2  | Reached XP level 17. HP: 80/117 MP: 0/0
 31498 | Swamp:2  | Learned a level 7 spell: Summon Hydra
 31628 | Swamp:2  | Noticed Louise
 31632 | Swamp:2  | Found a glacial archway.
 31639 | IceCv    | Entered an ice cave
 31817 | IceCv    | Found a transporter.
 31834 | IceCv    | Found a transporter.
 32057 | Swamp:2  | Killed Louise
 32462 | D:9      | Bought the amulet of Duenot {Regen+ Int+5} for 855 gold
                  | pieces
 32559 | Swamp:2  | Identified the serpent talisman of Hepliaklqana's Pride
                  | {rElec rF+}
 32559 | Swamp:2  | Noticed Aizul
 32564 | Swamp:2  | Killed Aizul
 33084 | Swamp:3  | Reached skill level 10 in Shields
 33713 | Elf:1    | Entered Level 1 of the Elven Halls
 33971 | Orc:2    | Bought an ancient chain mail for 285 gold pieces
 33971 | Orc:2    | Identified the +5 chain mail of Articulation {rElec Str+2}
                  | (You bought it in a shop on level 2 of the Orcish Mines)
 34131 | Orc:2    | Bought a faintly humming chain mail for 285 gold pieces
 34131 | Orc:2    | Identified the +0 chain mail of Sungao {rF+ MP+9} (You
                  | bought it in a shop on level 2 of the Orcish Mines)
 34742 | Snake:1  | Reached XP level 18. HP: 99/123 MP: 0/0
 35115 | Snake:1  | Identified a scroll of acquirement
 35911 | Snake:2  | Reached skill level 10 in Fighting
 36785 | Snake:3  | Found Kafed's General Store.
 36788 | Snake:3  | Found Goerri's Weapon Shop.
 36788 | Snake:3  | Found Yqeef's Antique Armour Boutique.
 36793 | Snake:3  | Found Hiurchop's Distillery.
 36808 | Snake:3  | Bought a pitted chain mail for 247 gold pieces
 36808 | Snake:3  | Identified the +4 chain mail of the Land of Plenty
                  | {*Corrode Fly Dex+2} (You bought it in a shop on level 3 of
                  | the Snake Pit)
 37086 | Snake:3  | Found Noiloz's Assorted Antiques.
 37468 | Snake:3  | Identified the +3 great sword "Tormentor" {holy, Dex+2}
 37559 | Snake:3  | Found a basalt altar of Yredelemnul.
 38115 | Snake:4  | Entered Level 4 of the Snake Pit
 38311 | Snake:4  | Reached XP level 19. HP: 100/133 MP: 0/0
 38311 | Snake:4  | Learned a level 6 spell: Summon Cactus Giant
 38507 | D:9      | Bought a +2 pair of gloves of strength for 322 gold pieces
 38679 | Elf:1    | Identified the +2 leather armour of the Cricket {rElec
                  | rCorr SInv Stlth+}
 38690 | Elf:1    | Found Vutujiecs's Overcharged Wands.
 39177 | Elf:1    | Found Vuaciaxi's Weapon Emporium.
 39224 | Elf:1    | Identified the +6 flail of the Puckish God {protect, Int+5}
 39737 | Elf:2    | Found Sytzobepe's Antique Weapon Shoppe.
 39756 | Elf:2    | Bought a pitted trident for 280 gold pieces
 39756 | Elf:2    | Identified the +7 trident "Zyby" {speed, ^Contam Fly Dex+2}
                  | (You bought it in a shop on level 2 of the Elven Halls)
 39848 | Elf:2    | Reached skill level 10 in Armour
 39933 | Elf:2    | Found a runed translucent gate.
 39933 | Elf:2    | Found a runed translucent gate.
 39935 | Elf:2    | Found a runed translucent gate.
 40107 | Elf:3    | Entered Level 3 of the Elven Halls
 41312 | Elf:3    | Identified the +11 morningstar of Sapoylai {venom, rF+ rC++
                  | rCorr Stlth-}
 41822 | D:15     | Found a staircase to the Depths.
 42576 | Swamp:4  | Entered Level 4 of the Swamp
 42904 | Swamp:4  | Reached XP level 20. HP: 92/139 MP: 0/0
 43183 | Swamp:4  | Got the Spellbook of Rallying
 43675 | Swamp:4  | Got a decaying rune of Zot
 44155 | Vaults:1 | Entered Level 1 of the Vaults
 44155 | Vaults:1 | Found a gateway to a bazaar.
 46742 | Vaults:2 | Found Mehuly's Globular Garage.
 47284 | Vaults:3 | Reached XP level 21. HP: 104/148 MP: 0/0
 47284 | Vaults:3 | Learned a level 8 spell: Lehudib's Crystal Spear
 48407 | Elf:3    | Identified the ring of Hyacott {rElec EV+5 Int+5}
 48409 | Elf:3    | Shot with an arrow by a deep elf master archer

Illustrated notes

Levels and vault maps discovered:
D:1:      eino_arrival_water_cross, layout_rooms
D:2:      layout_basic, shapermc_ecumenical_altar_notcrosses, serial_shops,
          nicolae_shop_pleasant_corner_grove, grunt_ministairs_12,
          serial_bayou_pond_c, due_unseen_surprise
D:3:      layout_basic, kennysheep_pointless_box, serial_bayou_pond_c,
          minmay_gold_behind_fungi
D:4:      layout_loops_cross, temple_pool_b, serial_aquarium,
          aquarium_bridge_island_small [aquarium_subvault_small_open,
          aquarium_subvault_bridge, aquarium_subvault_bridge,
          aquarium_subvault_wall, aquarium_subvault_bridge],
          aquarium_bridge_straight [aquarium_subvault_bridge,
          aquarium_subvault_wall, aquarium_subvault_bridge,
          aquarium_subvault_window], aquarium_window_corridor_1,
          aquarium_window_corner, aquarium_view_2c, aquarium_balcony_3a,
          lexackson_kobold_supper
D:5:      layout_basic, lemuel_zombie_altar_kikubaaqudgha, serial_bayou_pond_b,
          pf_guarded_unrand_woodcutter, uniq_eustachio, uniq_edmund
D:6:      layout_layer_cave
D:7:      layout_basic, nicolae_eternal_life
D:8:      layout_cave_pools, nicolae_wooded_promenade
D:9:      layout_long_grid, nicolae_vehumet_radiance, david_lair_generic,
          nicolae_shop_clearance
D:10:     minmay_general_purpose_star, layout_long_grid, doesnt_shop_hydraphobe
D:11:     layout_long_grid, orc_0_dummy, serial_ice, serial_ice_h, serial_ice_a,
          serial_ice_o, serial_ice_l
D:12:     nicolae_cairo_tiling_very_big, layout_basic, minmay_unpleasant_kobolds
D:13:     layout_long_grid, uniq_rupert
D:14:     layout_basic, erik_vaults_2, serial_shops,
          nicolae_shop_window_shopping, chequers_garden, uniq_frances
D:15:     hangedman_depths_entry_civil_slaughter, layout_gridville,
          nicolae_sif_muna_condensation, serial_shops, nicolae_shop_trees
Temple:   mainiacjoe_temple_cubbyholes
Lair:1:   layout_regular_city, gauntlet_entry_generic, lemuel_oklob_altar,
          uniq_maggie
Lair:2:   layout_loops_ring, swamp_mist_pool,
          minmay_snake_entry_guardpost_small, special_room [special_room_bee],
          grunt_forest_stairs_clearing, serial_bayou_shore_a
Lair:3:   layout_roguey, minivault_19, st_stairs_11, uniq_amaemon
Lair:4:   layout_gridlike, uniq_nessos
Lair:5:   due_jungle_book, layout_cave_shapes, slime_entry_1
Swamp:1:  layout_falls_marsh, wheals_swamp_sinkhole
Swamp:2:  layout_basic_swamp, portal_ice_cave_entry_pillars_four,
          serial_swamp_ruin, evilmike_swamp_ruin_rubble_1,
          evilmike_swamp_ruin_house_1, evilmike_swamp_ruin_wall, swamp_pool_1_2,
          nicolae_swamp_catching_bugs, uniq_aizul, uniq_louise
Swamp:3:  layout_falls_marsh, evilmike_swamp_ruin_house_6
Swamp:4:  swamp_icy, layout_basic_swamp, swamp_pool_1_2,
          hangedman_swamp_diagram, cheibrodos_swamp_pet_leeches,
          nicolae_swamp_long_stream
Snake:1:  hangedman_cross_veins, layout_rooms, nicolae_snake_gridmaze_waves
Snake:2:  layout_gridlike, nicolae_snake_slithery_hallway, drop_trap,
          grunt_megastairs_5
Snake:3:  layout_cave_shapes, serial_shops, nicolae_shop_stone, basic_altar,
          nicolae_snake_snake_lake, minmay_shoptagon
Snake:4:  johnstein_snake_rune_scales, layout_cave_town
Orc:1:    layout_caves, uniq_fannar, uniq_erica, uniq_maurice
Orc:2:    st_orc_mages, layout_caves, enter_volcano_2
Elf:1:    nicolae_elf_arrival_no_cutting_in_line, layout_gridlike, serial_shops,
          nicolae_shop_bloodbath_and_beyond, nicolae_elf_blasts_and_bolts,
          nicolae_shop_overcharged_wands
Elf:2:    elven_hall_of_blades_hangedman_original
          [nicolae_blade_entry_antechamber], layout_gridlike, serial_shops, shop
Elf:3:    elf_hall_gauntlet_wide, layout_gridlike
Vaults:1: ontoclasm_vaults_ring_small, v_misc_16, v_misc_12, vaults_dpeg_cross,
          hangedman_vaults_slice, nicolae_vaults_little_squares_4,
          hangedman_vaults_restitches, v_alt_pattern_5, ontoclasm_vaults_twist,
          nicolae_vaults_little_squares_2, layout_vaults_quadrants,
          serial_shops, bzr_entry_lakeside
Vaults:2: nicolae_vaults_doubleplus_tesselated, grunt_vaults_funnel,
          tekkud_shop_of_orbs, nicolae_vaults_network_periphery,
          nicolae_vaults_little_squares_1, nicolae_vaults_closet_pinwheel_6,
          layout_vaults_omnicross
Vaults:3: nicolae_vaults_meiosis, vaults_room_pools,
          minmay_crypt_entry_simple_round,
          vaults_standard_mumra_enter_the_diamond, v_misc_16,
          nicolae_vaults_little_squares_6, nicolae_vaults_little_guard_posts,
          v_misc_12, vaults_room_semicircle, ontoclasm_vaults_ligature,
          nicolae_vaults_house_1, nicolae_vaults_little_squares_4,
          layout_vaults_chaotic_city

Skill      XL: |  1  2  3  4  5  6  7  8  9 10 11 12 13 14 15 16 17 18 19 20 |
---------------+-------------------------------------------------------------+-----
Armour         | 1 2 3 4 5 6 7 8 9 10 11 | 11.8
Stealth        | 2 3 4 |  4.3
Dodging        | 3 4 5 8 9 10 11 12 | 12.6
Spellcasting   | 4 5 6 8 10 11 12 13 14 15 16 18 19 20 | 20.4
Conjurations   | 4 5 6 8 10 11 12 13 14 15 16 18 19 20 | 20.4
Hexes          | 4 5 6 8 10 11 12 13 14 15 16 18 19 20 | 20.4
Summonings     | 4 5 6 8 10 11 12 13 14 15 16 18 19 20 | 20.4
Necromancy     | 4 5 6 8 10 11 12 13 14 15 16 18 19 20 | 20.4
Translocations | 4 5 6 8 10 11 12 13 14 15 16 18 19 20 | 20.4
Fire Magic     | 4 5 6 8 10 11 12 13 14 15 16 18 19 20 | 20.4
Ice Magic      | 4 5 6 8 10 11 12 13 14 15 16 18 19 20 | 20.4
Air Magic      | 4 5 6 8 10 11 12 13 14 15 16 18 19 20 | 20.4
Earth Magic    | 4 5 6 8 10 11 12 13 14 15 16 18 19 20 | 20.4
Alchemy        | 4 5 6 8 10 11 12 13 14 15 16 18 19 20 | 20.4
Fighting       | 1 2 4 6 7 9 11 12 | 12.7
Evocations     | 2 3 5 6 7 8 |  8.9
Axes           | 1 |  1.6
Shields        | 3 5 8 9 10 11 12 | 12.9
Throwing       | 1 |  1.2
Staves         | 1 2 |  2.3
Short Blades   | |  0.5
Maces & Flails | |  0.6

Action                     |  1- 3 |  4- 6 |  7- 9 | 10-12 | 13-15 | 16-18 | 19-21 || total
---------------------------+-------+-------+-------+-------+-------+-------+-------++-------
  Melee: Hand axe          |     3 |     1 |       |       |       |       |       ||     4
         Short sword       |       |     9 |       |       |       |       |       ||     9
         Battleaxe         |       |       |     8 |    10 |       |       |       ||    18
         Dire flail        |       |       |     2 |       |       |       |       ||     2
         Flail             |       |       |     1 |    11 |       |       |       ||    12
         Staff             |       |       |       |    16 |    97 |    60 |    23 ||   196
  Throw: Javelin           |       |       |     1 |       |     6 |       |       ||     7
         Boomerang         |       |       |       |       |    27 |     4 |       ||    31
   Cast: Sting             |    24 |    27 |    45 |    12 |       |       |       ||   108
         Foxfire           |     5 |    66 |   122 |   115 |   150 |    47 |     4 ||   509
         Mephitic Cloud    |       |     1 |    13 |    20 |    60 |    40 |    27 ||   161
         Blink             |       |       |     2 |     1 |     3 |     9 |     3 ||    18
         Olgreb's Toxic Ra |       |       |    13 |    80 |   224 |    87 |    98 ||   502
         Mercury Vapours   |       |       |     1 |       |       |       |     1 ||     2
         Static Discharge  |       |       |     5 |    17 |     9 |       |       ||    31
         Frozen Ramparts   |       |       |     2 |    32 |    52 |    11 |       ||    97
         Animate Armour    |       |       |       |     7 |    45 |    76 |    18 ||   146
         Sticky Flame      |       |       |       |     8 |    32 |    35 |     9 ||    84
         Summon Mana Viper |       |       |       |       |    15 |    14 |     1 ||    30
         Sculpt Simulacrum |       |       |       |       |    25 |    33 |     2 ||    60
         Summon Hydra      |       |       |       |       |       |   193 |   259 ||   452
         Summon Cactus Gia |       |       |       |       |       |       |   101 ||   101
         Lehudib's Crystal |       |       |       |       |       |       |    17 ||    17
 Invoke: Call Merchant     |       |       |       |     1 |     3 |     1 |     1 ||     6
  Evoke: Wand              |       |       |     1 |       |       |     2 |       ||     3
         Lightning rod     |       |       |       |       |       |     6 |       ||     6
         Condenser vane    |       |       |       |       |       |     1 |       ||     1
    Use: Scroll            |       |       |     1 |     2 |    13 |     6 |     1 ||    23
         Potion            |       |       |       |       |       |     2 |       ||     2
   Stab: Confused          |       |       |     1 |     4 |     4 |     3 |     1 ||    13
         Distracted        |       |       |       |       |     1 |     2 |     1 ||     4
 Armour: Ring mail         |     4 |    13 |    12 |    66 |    82 |   155 |    87 ||   419
         Leather armour    |       |     5 |    18 |       |       |       |       ||    23
  Dodge: Dodged            |    10 |    21 |    48 |    60 |   136 |   162 |   118 ||   555
  Block: Kite shield       |       |       |       |    15 |   147 |   218 |   112 ||   492
